Bruins vs Flames

Created - 3 mars 2016 at 01:55

Goals
1 2 3 T
Bruins 0 3 2 5
Flames 1 1 0 2
Shots
1 2 3 T
Bruins 10 11 10 31
Flames 10 9 16 35

1st period

1. Flames , Eric Staal 35 (David Backes, Steve Eminger) at 16:37

Penalties :
Joe Corvo (Cal) for Interference (Minor) at 19:22

2nd period

2. Bruins , Jarome Iginla 15 (Henrik Sedin) at 0:08 (PP)
3. Bruins , Dave Bolland 10 (Viktor Stalberg, David Moss) at 1:29
4. Flames , Steve Regier 15 (Marcel Goc, Jordin Tootoo) at 12:26
5. Bruins , Jason Demers 6 (Andrew Alberts, Wojtek Wolski) at 13:55 (PP)

Penalties :
Eric Staal (Cal) for High sticking (Minor) at 2:54, Nate Prosser (Bos) for Tripping (Minor) at 6:06, Alexander Semin (Cal) for Tripping (Minor) at 13:16, Jason Demers (Bos) for Roughing (Minor) at 16:53

3rd period

6. Bruins , Jarome Iginla 16 (Henrik Sedin, Wojtek Wolski) at 7:22
7. Bruins , Eric Lindros 15 (Andrew Alberts) at 11:16 (PP)

Penalties :
Eric Lindros (Bos) for Roughing (Minor) at 2:08, Marcel Goc (Cal) for Hooking (Minor) at 9:51, Matt Cooke (Bos) for Hooking (Minor) at 15:19

Goalie Stats

Roberto Luongo (Bos), 33 saves from 35 shots - (0,943), W, 24-12-6, 60:00 minutes
Craig Anderson (Cal), 26 saves from 31 shots - (0,839), L, 7-2-1, 60:00 minutes

Players Stats for Bruins

Player Name              G  A  P  +/- PIM S  H  SB GA TA FO     MP     PP MP  PK MP  
------------------------------------------------------------------------------------
Andrew Alberts           0  2  2   0  0   0  0  5  0  0  0/0    28:45   3:20   4:27 
Curtis Glencross         0  0  0   0  0   0  0  0  1  0  0/0     9:30   0:00   1:22 
Dainius Zubrus           0  0  0  -2  0   3  0  0  1  0  0/0    15:59   2:14   0:00 
Dave Bolland             1  0  1   1  0   2  0  0  0  0  3/6    12:00   0:00   0:25 
David Moss               0  1  1   1  0   0  0  2  0  0  1/1    11:09   0:00   0:00 
Eric Lindros             1  0  1  -2  2   3  2  1  0  0  9/13   17:55   2:14   1:42 
Henrik Sedin             0  2  2   1  0   2  3  0  1  0  16/33  20:45   2:35   4:08 
Jarome Iginla            2  0  2   1  0   6  1  1  1  0  0/1    19:06   2:35   2:20 
Jason Demers             1  0  1   0  2   1  0  6  0  4  0/0    26:48   3:20   3:16 
Mark Stuart              0  0  0   0  0   0  2  0  0  0  0/0    22:02   1:29   3:40 
Matt Cooke               0  0  0  -2  2   5  1  0  2  0  0/1    16:09   2:14   0:00 
Matt Hendricks           0  0  0   0  0   0  3  0  1  2  2/3     9:40   0:00   1:56 
Nate Prosser             0  0  0   0  2   1  0  1  0  1  0/0    11:32   0:00   1:00 
Ryan O'Byrne             0  0  0   0  0   1  1  1  0  0  0/0    20:44   1:29   3:29 
Tim Jackman              0  0  0   0  0   1  0  1  0  0  0/0     7:42   0:00   0:00 
Viktor Stalberg          0  1  1   1  0   2  1  1  2  0  0/0    11:09   0:00   0:00 
Wojtek Wolski            0  2  2   1  0   2  0  2  0  0  0/0    20:34   2:35   3:59 
Zdeno Chara              0  0  0   0  0   2  2  1  0  0  0/0    10:31   0:00   0:00 

Players Stats for Flames

Player Name              G  A  P  +/- PIM S  H  SB GA TA FO     MP     PP MP  PK MP  
------------------------------------------------------------------------------------
Alexander Semin          0  0  0  -1  2   6  2  1  0  0  2/2    20:28   3:27   1:14 
Brad Marchand            0  0  0   0  0   0  1  1  0  1  0/0     9:11   0:13   0:07 
Colin Wilson             0  0  0   0  0   0  1  0  0  0  2/4     9:29   0:00   1:08 
Craig Adams              0  0  0   0  0   0  3  1  0  0  0/0     9:04   0:13   0:00 
David Backes             0  1  1  -1  0   4  2  1  0  0  0/0    22:01   3:56   3:28 
Derek Meech              0  0  0   0  0   0  0  0  0  1  0/0    16:43   3:18   1:27 
Eric Staal               1  0  1  -1  2   3  1  1  1  1  17/31  20:51   3:56   1:09 
Erik Johnson             0  0  0   0  0   0  0  1  1  1  0/0    20:23   4:38   1:27 
Filip Kuba               0  0  0   0  0   3  2  0  1  0  0/0    23:04   4:38   0:00 
Joe Corvo                0  0  0   0  2   3  0  1  0  1  0/0    15:45   0:05   0:00 
Jordin Tootoo            0  1  1   1  0   3  2  1  0  0  0/0    13:27   0:00   0:00 
Marcel Goc               0  1  1   1  2   4  2  0  1  0  5/13   17:01   0:00   2:25 
Mark Bell                0  0  0   0  0   1  2  0  1  0  1/1    12:57   3:47   0:00 
Milan Hejduk             0  0  0   0  0   0  1  0  1  0  0/0    12:57   3:47   0:00 
Patrik Berglund          0  0  0   0  0   2  0  0  1  2  0/6    13:04   3:47   0:07 
Ron Hainsey              0  0  0   0  0   3  0  4  0  0  0/0    19:43   3:13   3:22 
Steve Eminger            0  1  1   0  0   0  2  2  0  1  0/0    24:21   0:00   3:22 
Steve Regier             1  0  1   1  0   3  2  1  0  1  0/1    14:38   0:42   0:00 

3 Stars

1 - Jarome Iginla (Bos)
2 - Henrik Sedin (Bos)
3 - Steve Regier (Cal)

Power Play

Bruins - 3 on 4 Attempt(s) - 75,00%
Flames - 0 on 4 Attempt(s) - 0,00%

Penalty Kill

Bruins - 4 on 4 Attempt(s) - 100,00% - Score 0 goal in Penalty Kill
Flames - 1 on 4 Attempt(s) - 25,00% - Score 0 goal in Penalty Kill

Team Stat

Bruins - Hits : 16 - Faceoff Wins : 31 - Blocked Shots : 22 - Penalty Minutes : 8
Flames - Hits : 23 - Faceoff Wins : 27 - Blocked Shots : 15 - Penalty Minutes : 8

Official

Referees : Walkom Stephen and Charron Francis
Linesman : Scott Driscoll and Mark Wheler

Game Notes

No Game Note

Finance

Level 1 -- Attendance: 4807 (80,12%) -- Ticket Income 423 016 $
Level 2 -- Attendance: 4246 (84,92%) -- Ticket Income 242 022 $
Level 3 -- Attendance: 1674 (83,70%) -- Ticket Income 55 242 $
Level 4 -- Attendance: 2867 (71,68%) -- Ticket Income 68 808 $
Luxury Box -- Attendance: 679 (67,90%) -- Ticket Income 136 479 $
Game was played at the Metal Center.
Total Attendance: 14273 (79,29%)
Total Ticket Income: 925 567 $
Other Income: 138 835 $
Total Income: 1 064 402 $

Bruins

5 vs 5 Forward 
   Center                   Left Wing                Right Wing               Time % Phy DF OF 
 1 Henrik Sedin             Wojtek Wolski            Jarome Iginla            40     1   2  2  
 2 Eric Lindros             Matt Cooke               Dainius Zubrus           30     1   2  2  
 3 Dave Bolland             Viktor Stalberg          David Moss               20     1   2  2  
 4 Matt Hendricks           Curtis Glencross         Tim Jackman              10     1   2  2  

5 vs 5 Defense 
   Defense                  Defense                                           Time % Phy DF OF 
 1 Andrew Alberts           Jason Demers                                      40     1   2  2  
 2 Ryan O'Byrne             Mark Stuart                                       30     1   2  2  
 3 Zdeno Chara              Nate Prosser                                      20     1   2  2  
 4 Jason Demers             Andrew Alberts                                    10     1   2  2  

PowerPlay Forward 
   Center                   Left Wing                Right Wing               Time % Phy DF OF 
 1 Henrik Sedin             Wojtek Wolski            Jarome Iginla            60     1   2  2  
 2 Eric Lindros             Matt Cooke               Dainius Zubrus           40     1   2  2  

PowerPlay Defense
   Defense                  Defense                                           Time % Phy DF OF 
 1 Andrew Alberts           Jason Demers                                      60     1   2  2  
 2 Ryan O'Byrne             Mark Stuart                                       40     1   2  2  

Penalty Kill 4 Players Forward 
   Center                   Wing                     Time % Phy DF OF 
 1 Henrik Sedin             Wojtek Wolski            60     1   2  2  
 2 Jarome Iginla            Eric Lindros             40     1   2  2  

Penalty Kill 4 Players Defense
   Defense                  Defense                  Time % Phy DF OF 
 1 Andrew Alberts           Jason Demers             60     1   2  2  
 2 Ryan O'Byrne             Mark Stuart              40     1   2  2  

Penalty Kill - 3 Players Forward 
   Forward                                           Time % Phy DF OF 
 1 Henrik Sedin                                      60     1   2  2  
 2 Wojtek Wolski                                     40     1   2  2  

Penalty Kill - 3 Players Defense
   Defense                  Defense                  Time % Phy DF OF 
 1 Andrew Alberts           Jason Demers             60     1   2  2  
 2 Ryan O'Byrne             Mark Stuart              40     1   2  2  

4 vs 4 Forward 
   Center                   Wing                     Time % Phy DF OF 
 1 Henrik Sedin             Wojtek Wolski            60     1   2  2  
 2 Jarome Iginla            Eric Lindros             40     1   2  2  

4 vs 4 Defense
   Defense                  Defense                  Time % Phy DF OF 
 1 Andrew Alberts           Jason Demers             60     1   2  2  
 2 Ryan O'Byrne             Mark Stuart              40     1   2  2  

Last Minutes Offensive
   Center                   Left Wing                Right Wing               Defense                  Defense                  
   Henrik Sedin             Wojtek Wolski            Jarome Iginla            Andrew Alberts           Jason Demers             

Last Minutes Defensive
   Center                   Left Wing                Right Wing               Defense                  Defense                  
   Henrik Sedin             Wojtek Wolski            Jarome Iginla            Andrew Alberts           Jason Demers             

Goaltenders
Starting : Roberto Luongo           
Backup : Karri Ramo               

Extra Forwards
Normal : Viktor Stalberg, Dave Bolland, Matt Hendricks - PP : Viktor Stalberg, Dave Bolland - PK : Matt Hendricks
Extra Defensemen
Normal : Zdeno Chara, Nate Prosser, Jason Demers - PP : Zdeno Chara - PK : Nate Prosser, Jason Demers
Penalty Shots
Henrik Sedin, Wojtek Wolski, Jarome Iginla, Eric Lindros, Matt Cooke

Flames

5 vs 5 Forward 
   Center                   Left Wing                Right Wing               Time % Phy DF OF 
 1 Eric Staal               Alexander Semin          David Backes             39     1   2  2  
 2 Marcel Goc               Steve Regier             Jordin Tootoo            30     1   2  2  
 3 Patrik Berglund          Mark Bell                Milan Hejduk             21     1   2  2  
 4 Colin Wilson             Brad Marchand            Craig Adams              10     1   2  2  

5 vs 5 Defense 
   Defense                  Defense                                           Time % Phy DF OF 
 1 Filip Kuba               Steve Eminger                                     40     1   2  2  
 2 Joe Corvo                Erik Johnson                                      30     1   2  2  
 3 Derek Meech              Ron Hainsey                                       20     1   2  2  
 4 Filip Kuba               Steve Eminger                                     10     1   2  2  

PowerPlay Forward 
   Center                   Left Wing                Right Wing               Time % Phy DF OF 
 1 Eric Staal               Alexander Semin          David Backes             60     1   2  2  
 2 Patrik Berglund          Mark Bell                Milan Hejduk             40     1   2  2  

PowerPlay Defense
   Defense                  Defense                                           Time % Phy DF OF 
 1 Filip Kuba               Erik Johnson                                      60     1   2  2  
 2 Derek Meech              Ron Hainsey                                       40     1   2  2  

Penalty Kill 4 Players Forward 
   Center                   Wing                     Time % Phy DF OF 
 1 Marcel Goc               David Backes             60     1   3  1  
 2 Eric Staal               Alexander Semin          40     1   3  1  

Penalty Kill 4 Players Defense
   Defense                  Defense                  Time % Phy DF OF 
 1 Ron Hainsey              Steve Eminger            60     1   3  1  
 2 Derek Meech              Erik Johnson             40     1   3  1  

Penalty Kill - 3 Players Forward 
   Forward                                           Time % Phy DF OF 
 1 Eric Staal                                        60     1   4  0  
 2 David Backes                                      40     1   4  0  

Penalty Kill - 3 Players Defense
   Defense                  Defense                  Time % Phy DF OF 
 1 Ron Hainsey              Steve Eminger            60     1   4  0  
 2 Derek Meech              Erik Johnson             40     1   4  0  

4 vs 4 Forward 
   Center                   Wing                     Time % Phy DF OF 
 1 Eric Staal               Alexander Semin          60     1   2  2  
 2 Marcel Goc               David Backes             40     1   2  2  

4 vs 4 Defense
   Defense                  Defense                  Time % Phy DF OF 
 1 Filip Kuba               Steve Eminger            60     1   2  2  
 2 Joe Corvo                Erik Johnson             40     1   2  2  

Last Minutes Offensive
   Center                   Left Wing                Right Wing               Defense                  Defense                  
   Eric Staal               Alexander Semin          David Backes             Filip Kuba               Steve Eminger            

Last Minutes Defensive
   Center                   Left Wing                Right Wing               Defense                  Defense                  
   Eric Staal               Alexander Semin          David Backes             Filip Kuba               Steve Eminger            

Goaltenders
Starting : Craig Anderson           
Backup : Pekka Rinne              

Extra Forwards
Normal : Alexander Semin, Jordin Tootoo, Steve Regier - PP : Steve Regier, Brad Marchand - PK : David Backes
Extra Defensemen
Normal : Erik Johnson, Joe Corvo, Ron Hainsey - PP : Filip Kuba - PK : Erik Johnson, Ron Hainsey
Penalty Shots
Eric Staal, Alexander Semin, David Backes, Patrik Berglund, Steve Regier

% Time on Ice - Bruins

Lines # - Real PCT - Wanted PCT - Time Play
Normal Forward
1 - 31% - 40% - 14:28
2 - 29% - 30% - 13:56
3 - 24% - 20% - 11:09
4 - 16% - 10% - 7:42
Normal Defense
1 - 41% - 40% - 19:18
2 - 33% - 30% - 15:46
3 - 22% - 20% - 10:31
4 - 4% - 10% - 1:40
PP Forward
1 - 54% - 60% - 2:35
2 - 46% - 40% - 2:14
PP Defense
1 - 69% - 60% - 3:20
2 - 31% - 40% - 1:29
PK Forward
1 - 71% - 60% - 5:36
2 - 29% - 40% - 2:20
PK Defense
1 - 56% - 60% - 4:27
2 - 44% - 40% - 3:29
PK3 Forward
1 - 0% - 60%
2 - 0% - 40%
PK3 Defense
1 - 0% - 60%
2 - 0% - 40%
44 Forward
1 - 0% - 60%
2 - 0% - 40%
44 Defense
1 - 0% - 60%
2 - 0% - 40%
Last Minute Offensive  - 0:00
Last Minute Defensive  - 0:00
Total
Forward - 60:00
Defense - 60:00

% Time on Ice - Flames

Lines # - Real PCT - Wanted PCT - Time Play
Normal Forward
1 - 34% - 39% - 16:17
2 - 29% - 30% - 13:28
3 - 19% - 21% - 9:09
4 - 18% - 10% - 8:21
Normal Defense
1 - 41% - 40% - 19:15
2 - 31% - 30% - 14:35
3 - 25% - 20% - 11:38
4 - 4% - 10% - 1:47
PP Forward
1 - 52% - 60% - 4:09
2 - 48% - 40% - 3:47
PP Defense
1 - 58% - 60% - 4:38
2 - 42% - 40% - 3:18
PK Forward
1 - 91% - 60% - 4:24
2 - 9% - 40% - 0:25
PK Defense
1 - 70% - 60% - 3:22
2 - 30% - 40% - 1:27
PK3 Forward
1 - 0% - 60%
2 - 0% - 40%
PK3 Defense
1 - 0% - 60%
2 - 0% - 40%
44 Forward
1 - 0% - 60%
2 - 0% - 40%
44 Defense
1 - 0% - 60%
2 - 0% - 40%
Last Minute Offensive  - 0:00
Last Minute Defensive  - 0:00
Total
Forward - 60:00
Defense - 60:00

Play by Play

1st period


0:01 of 1st period - Eric Staal wins face-off versus Henrik Sedin in neutral zone.
0:32 of 1st period - Snap shot by Matt Cooke.
0:32 of 1st period - Stopped by Craig Anderson without a rebound.
0:33 of 1st period - Dave Bolland wins face-off versus Patrik Berglund in Flames zone.
0:34 of 1st period - Snap shot by Viktor Stalberg.
0:34 of 1st period - Stopped by Craig Anderson without a rebound.
0:35 of 1st period - Dave Bolland wins face-off versus Patrik Berglund in Flames zone.
0:43 of 1st period - Icing by Patrik Berglund.
0:44 of 1st period - Matt Hendricks wins face-off versus Patrik Berglund in Flames zone.
1:18 of 1st period - Slapshot by Erik Johnson.
1:18 of 1st period - Shot Blocked by Zdeno Chara.
1:20 of 1st period - Wrist shot by Jordin Tootoo.
1:20 of 1st period - Shot Blocked by Wojtek Wolski.
1:32 of 1st period - Slapshot by David Backes.
1:32 of 1st period - Stopped by Roberto Luongo without a rebound.
1:33 of 1st period - Eric Staal wins face-off versus Eric Lindros in Bruins zone.
1:44 of 1st period - Snap shot by Alexander Semin.
1:44 of 1st period - Shot Blocked by Jason Demers.
1:58 of 1st period - Andrew Alberts is hit by David Backes and loses puck.
2:45 of 1st period - Snap shot by Alexander Semin.
2:45 of 1st period - Shot Blocked by Andrew Alberts.
2:47 of 1st period - Slapshot by Ron Hainsey.
2:47 of 1st period - Stopped by Roberto Luongo with a rebound.
2:49 of 1st period - Slapshot by Ron Hainsey.
2:49 of 1st period - Shot Blocked by Jason Demers.
2:51 of 1st period - Snap shot by Derek Meech.
2:51 of 1st period - Shot Misses the Net.
2:53 of 1st period - Wrist shot by Ron Hainsey.
2:53 of 1st period - Stopped by Roberto Luongo with a rebound.
2:55 of 1st period - Slapshot by Derek Meech.
2:55 of 1st period - Deflect By David Backes.
2:55 of 1st period - Shot Blocked by Andrew Alberts.
2:55 of 1st period - Puck is out of play.
2:56 of 1st period - Marcel Goc wins face-off versus Henrik Sedin in Bruins zone.
3:51 of 1st period - Slapshot by Ryan O'Byrne.
3:51 of 1st period - Deflect By Erik Johnson.
3:51 of 1st period - Stopped by Craig Anderson with a rebound.
4:40 of 1st period - Steve Eminger is hit by Jarome Iginla and loses puck.
4:56 of 1st period - Steve Eminger is hit by Matt Hendricks and loses puck.
5:27 of 1st period - Jarome Iginla is hit by Mark Bell and loses puck.
7:10 of 1st period - Brad Marchand is hit by Matt Hendricks and loses puck.
7:27 of 1st period - Andrew Alberts is hit by Steve Regier and loses puck.
7:32 of 1st period - Wrist shot by Jordin Tootoo.
7:32 of 1st period - Stopped by Roberto Luongo without a rebound.
7:33 of 1st period - Eric Staal wins face-off versus Eric Lindros in Bruins zone.
8:51 of 1st period - Snap shot by David Backes.
8:51 of 1st period - Stopped by Roberto Luongo without a rebound.
8:52 of 1st period - Henrik Sedin wins face-off versus Eric Staal in Bruins zone.
9:03 of 1st period - Snap shot by Jarome Iginla.
9:03 of 1st period - Shot Misses the Net.
9:17 of 1st period - Slapshot by Milan Hejduk.
9:17 of 1st period - Shot Blocked by Jarome Iginla.
9:19 of 1st period - Snap shot by Mark Bell.
9:19 of 1st period - Stopped by Roberto Luongo with a rebound.
9:21 of 1st period - Slapshot by Joe Corvo.
9:21 of 1st period - Stopped by Roberto Luongo without a rebound.
9:22 of 1st period - Eric Lindros wins face-off versus Patrik Berglund in Bruins zone.
9:31 of 1st period - Wrist shot by Matt Cooke.
9:31 of 1st period - Shot Blocked by Ron Hainsey.
9:33 of 1st period - Wrist shot by Matt Cooke.
9:33 of 1st period - Stopped by Craig Anderson without a rebound.
9:34 of 1st period - Eric Staal wins face-off versus Henrik Sedin in Flames zone.
9:43 of 1st period - Slapshot by Jarome Iginla.
9:43 of 1st period - Shot Blocked by David Backes.
9:47 of 1st period - Wrist shot by Jarome Iginla.
9:47 of 1st period - Stopped by Craig Anderson with a rebound.
9:49 of 1st period - Snap shot by Wojtek Wolski.
9:49 of 1st period - Shot Misses the Net.
9:59 of 1st period - Matt Cooke is hit by Steve Eminger and loses puck.
10:42 of 1st period - Ryan O'Byrne is hit by Craig Adams and loses puck.
11:11 of 1st period - Wrist shot by Dave Bolland.
11:11 of 1st period - Stopped by Craig Anderson with a rebound.
11:27 of 1st period - Ryan O'Byrne is hit by Marcel Goc.
11:31 of 1st period - Derek Meech is hit by Henrik Sedin and loses puck.
11:46 of 1st period - Snap shot by Patrik Berglund.
11:46 of 1st period - Stopped by Roberto Luongo with a rebound.
11:48 of 1st period - Slapshot by Derek Meech.
11:48 of 1st period - Shot Blocked by Jason Demers.
12:06 of 1st period - Jason Demers is hit by Brad Marchand and loses puck.
12:35 of 1st period - Snap shot by David Backes.
12:35 of 1st period - Shot Misses the Net.
12:50 of 1st period - Zdeno Chara is hit by Filip Kuba and loses puck.
13:03 of 1st period - Wrist shot by Matt Hendricks.
13:03 of 1st period - Shot Blocked by Erik Johnson.
13:05 of 1st period - Snap shot by Matt Hendricks.
13:05 of 1st period - Shot Misses the Net.
13:07 of 1st period - Snap shot by Curtis Glencross.
13:07 of 1st period - Shot Misses the Net.
13:15 of 1st period - Snap shot by Tim Jackman.
13:15 of 1st period - Shot Misses the Net.
13:17 of 1st period - Wrist shot by Nate Prosser.
13:17 of 1st period - Deflect By Joe Corvo.
13:17 of 1st period - Stopped by Craig Anderson with a rebound.
13:19 of 1st period - Wrist shot by Mark Stuart.
13:19 of 1st period - Shot Blocked by Joe Corvo.
13:21 of 1st period - Slapshot by Zdeno Chara.
13:21 of 1st period - Deflect By Matt Hendricks.
13:21 of 1st period - Shot Misses the Net.
13:21 of 1st period - Puck is out of play.
13:22 of 1st period - Eric Staal wins face-off versus Henrik Sedin in Flames zone.
14:10 of 1st period - Slapshot by Filip Kuba.
14:10 of 1st period - Shot Blocked by Viktor Stalberg.
14:12 of 1st period - Backhand shot by Patrik Berglund.
14:12 of 1st period - Shot Blocked by Nate Prosser.
14:34 of 1st period - Snap shot by Jarome Iginla.
14:34 of 1st period - Stopped by Craig Anderson without a rebound.
14:35 of 1st period - Colin Wilson wins face-off versus Henrik Sedin in Flames zone.
15:14 of 1st period - Craig Adams is hit by Henrik Sedin and loses puck.
15:19 of 1st period - Wrist shot by Henrik Sedin.
15:19 of 1st period - Stopped by Craig Anderson without a rebound.
15:20 of 1st period - Eric Lindros wins face-off versus Eric Staal in Flames zone.
15:21 of 1st period - Snap shot by Dainius Zubrus.
15:21 of 1st period - Shot Misses the Net.
15:34 of 1st period - Slapshot by Alexander Semin.
15:34 of 1st period - Stopped by Roberto Luongo with a rebound.
15:36 of 1st period - Snap shot by Ron Hainsey.
15:36 of 1st period - Shot Misses the Net.
16:37 of 1st period - Slapshot by Eric Staal.
16:37 of 1st period - Goal by Eric Staal - Bruins : 0 - Flames : 1.
16:38 of 1st period - Henrik Sedin wins face-off versus Eric Staal in neutral zone.
17:12 of 1st period - Snap shot by Eric Lindros.
17:12 of 1st period - Deflect By Matt Cooke.
17:12 of 1st period - Stopped by Craig Anderson without a rebound.
17:13 of 1st period - Eric Staal wins face-off versus Eric Lindros in Flames zone.
17:28 of 1st period - Snap shot by Eric Lindros.
17:28 of 1st period - Shot Misses the Net.
18:00 of 1st period - Slapshot by Steve Eminger.
18:00 of 1st period - Deflect By Patrik Berglund.
18:00 of 1st period - Shot Blocked by David Moss.
18:00 of 1st period - Puck is out of play.
18:01 of 1st period - Dave Bolland wins face-off versus Patrik Berglund in Bruins zone.
18:14 of 1st period - Slapshot by Viktor Stalberg.
18:14 of 1st period - Shot Misses the Net.
18:41 of 1st period - Jordin Tootoo is hit by Zdeno Chara and loses puck.
18:58 of 1st period - Craig Adams is hit by Zdeno Chara and loses puck.
19:22 of 1st period - Minor Penalty to Joe Corvo for Interference.
19:23 of 1st period - Henrik Sedin wins face-off versus Marcel Goc in Flames zone.
Goals for this period are 0 for Bruins vs 1 for Flames.
Shots for this period are 10 for Bruins vs 10 for Flames.

2nd period


0:01 of 2nd period - Henrik Sedin wins face-off versus Marcel Goc in neutral zone.
0:08 of 2nd period - Slapshot by Jarome Iginla.
0:08 of 2nd period - Goal by Jarome Iginla - Bruins : 1 - Flames : 1.
0:09 of 2nd period - Eric Staal wins face-off versus Henrik Sedin in neutral zone.
0:34 of 2nd period - Filip Kuba is hit by Eric Lindros.
0:40 of 2nd period - Slapshot by Eric Lindros.
0:40 of 2nd period - Shot Blocked by Steve Eminger.
1:27 of 2nd period - Wrist shot by Dave Bolland.
1:27 of 2nd period - Shot Blocked by Steve Eminger.
1:29 of 2nd period - Slapshot by Dave Bolland.
1:29 of 2nd period - Goal by Dave Bolland - Bruins : 2 - Flames : 1.
1:30 of 2nd period - Alexander Semin wins face-off versus Henrik Sedin in neutral zone.
1:37 of 2nd period - Ron Hainsey is hit by Henrik Sedin and loses puck.
2:04 of 2nd period - Snap shot by Matt Cooke.
2:04 of 2nd period - Shot Misses the Net.
2:32 of 2nd period - Off-side.
2:33 of 2nd period - David Moss wins face-off versus Eric Staal in neutral zone.
2:54 of 2nd period - Minor Penalty to Eric Staal for High sticking.
2:55 of 2nd period - Henrik Sedin wins face-off versus Marcel Goc in Flames zone.
3:10 of 2nd period - Snap shot by Henrik Sedin.
3:10 of 2nd period - Shot Hit the Post.
4:52 of 2nd period - Marcel Goc is hit by Eric Lindros and loses puck.
4:54 of 2nd period - Penalty to Eric Staal is over, Eric Staal is back on ice.
5:19 of 2nd period - Slapshot by Marcel Goc.
5:19 of 2nd period - Stopped by Roberto Luongo with a rebound.
5:34 of 2nd period - Icing by Steve Eminger.
5:35 of 2nd period - Marcel Goc wins face-off versus Matt Hendricks in Flames zone.
6:03 of 2nd period - Snap shot by Alexander Semin.
6:03 of 2nd period - Stopped by Roberto Luongo without a rebound.
6:04 of 2nd period - Henrik Sedin wins face-off versus Patrik Berglund in Bruins zone.
6:06 of 2nd period - Minor Penalty to Nate Prosser for Tripping.
6:07 of 2nd period - Mark Bell wins face-off versus Henrik Sedin in Bruins zone.
6:13 of 2nd period - Snap shot by Patrik Berglund.
6:13 of 2nd period - Stopped by Roberto Luongo with a rebound.
6:15 of 2nd period - Snap shot by Patrik Berglund.
6:15 of 2nd period - Shot Misses the Net.
6:17 of 2nd period - Slapshot by Erik Johnson.
6:17 of 2nd period - Shot Blocked by Jason Demers.
6:19 of 2nd period - Slapshot by Filip Kuba.
6:19 of 2nd period - Deflect By Wojtek Wolski.
6:19 of 2nd period - Stopped by Roberto Luongo with a rebound.
6:21 of 2nd period - Slapshot by Erik Johnson.
6:21 of 2nd period - Shot Blocked by Wojtek Wolski.
7:11 of 2nd period - Mark Stuart is hit by David Backes and loses puck.
8:00 of 2nd period - Matt Hendricks is hit by Craig Adams and loses puck.
8:06 of 2nd period - Penalty to Nate Prosser is over, Nate Prosser is back on ice.
8:23 of 2nd period - Wrist shot by Viktor Stalberg.
8:23 of 2nd period - Deflect By Dave Bolland.
8:23 of 2nd period - Shot Misses the Net.
8:23 of 2nd period - Puck is out of play.
8:24 of 2nd period - Eric Lindros wins face-off versus Colin Wilson in Flames zone.
8:39 of 2nd period - Matt Cooke is hit by Colin Wilson.
10:01 of 2nd period - Brad Marchand is hit by Viktor Stalberg and loses puck.
10:19 of 2nd period - Off-side.
10:20 of 2nd period - Eric Staal wins face-off versus Henrik Sedin in neutral zone.
10:45 of 2nd period - Matt Cooke is hit by Jordin Tootoo and loses puck.
10:56 of 2nd period - Snap shot by Eric Lindros.
10:56 of 2nd period - Stopped by Craig Anderson with a rebound.
11:30 of 2nd period - Ryan O'Byrne is hit by Steve Regier and loses puck.
11:47 of 2nd period - Wrist shot by Marcel Goc.
11:47 of 2nd period - Stopped by Roberto Luongo with a rebound.
11:49 of 2nd period - Slapshot by Steve Regier.
11:49 of 2nd period - Stopped by Roberto Luongo with a rebound.
12:05 of 2nd period - Slapshot by Mark Stuart.
12:05 of 2nd period - Shot Blocked by Steve Regier.
12:11 of 2nd period - Ryan O'Byrne is hit by Marcel Goc and loses puck.
12:22 of 2nd period - Backhand shot by Jordin Tootoo.
12:22 of 2nd period - Deflect By Eric Lindros.
12:22 of 2nd period - Stopped by Roberto Luongo with a rebound.
12:24 of 2nd period - Slapshot by Marcel Goc.
12:24 of 2nd period - Shot Blocked by Eric Lindros.
12:26 of 2nd period - Wrist shot by Steve Regier.
12:26 of 2nd period - Goal by Steve Regier - Bruins : 2 - Flames : 2.
12:27 of 2nd period - Eric Staal wins face-off versus Henrik Sedin in neutral zone.
12:52 of 2nd period - Andrew Alberts is hit by Craig Adams and loses puck.
12:59 of 2nd period - Snap shot by Brad Marchand.
12:59 of 2nd period - Shot Misses the Net.
13:13 of 2nd period - Snap shot by Jarome Iginla.
13:13 of 2nd period - Stopped by Craig Anderson without a rebound.
13:14 of 2nd period - Eric Staal wins face-off versus Dave Bolland in Flames zone.
13:16 of 2nd period - Minor Penalty to Alexander Semin for Tripping.
13:17 of 2nd period - Marcel Goc wins face-off versus Henrik Sedin in Flames zone.
13:37 of 2nd period - Wrist shot by Eric Lindros.
13:37 of 2nd period - Stopped by Craig Anderson without a rebound.
13:38 of 2nd period - Eric Lindros wins face-off versus Marcel Goc in Flames zone.
13:49 of 2nd period - Wrist shot by Eric Lindros.
13:49 of 2nd period - Deflect By Ron Hainsey.
13:49 of 2nd period - Shot Blocked by Ron Hainsey.
13:49 of 2nd period - Puck is out of play.
13:50 of 2nd period - Henrik Sedin wins face-off versus Marcel Goc in Flames zone.
13:51 of 2nd period - Slapshot by Wojtek Wolski.
13:51 of 2nd period - Stopped by Craig Anderson with a rebound.
13:53 of 2nd period - Snap shot by Andrew Alberts.
13:53 of 2nd period - Shot Blocked by Ron Hainsey.
13:55 of 2nd period - Slapshot by Jason Demers.
13:55 of 2nd period - Goal by Jason Demers - Bruins : 3 - Flames : 2.
13:56 of 2nd period - Henrik Sedin wins face-off versus Eric Staal in neutral zone.
15:32 of 2nd period - Snap shot by Wojtek Wolski.
15:32 of 2nd period - Shot Misses the Net.
15:34 of 2nd period - Slapshot by Ryan O'Byrne.
15:34 of 2nd period - Shot Blocked by Ron Hainsey.
15:44 of 2nd period - Wrist shot by Matt Cooke.
15:44 of 2nd period - Stopped by Craig Anderson with a rebound.
15:46 of 2nd period - Slapshot by Zdeno Chara.
15:46 of 2nd period - Deflect By Derek Meech.
15:46 of 2nd period - Stopped by Craig Anderson with a rebound.
15:48 of 2nd period - Wrist shot by Zdeno Chara.
15:48 of 2nd period - Stopped by Craig Anderson without a rebound.
15:49 of 2nd period - Eric Lindros wins face-off versus Eric Staal in Flames zone.
15:50 of 2nd period - Wrist shot by Dainius Zubrus.
15:50 of 2nd period - Stopped by Craig Anderson without a rebound.
15:51 of 2nd period - Eric Lindros wins face-off versus Eric Staal in Flames zone.
16:04 of 2nd period - Snap shot by Dainius Zubrus.
16:04 of 2nd period - Shot Blocked by Eric Staal.
16:16 of 2nd period - Henrik Sedin is hit by Filip Kuba and loses puck.
16:23 of 2nd period - Snap shot by Marcel Goc.
16:23 of 2nd period - Stopped by Roberto Luongo with a rebound.
16:41 of 2nd period - Snap shot by Brad Marchand.
16:41 of 2nd period - Shot Misses the Net.
16:53 of 2nd period - Minor Penalty to Jason Demers for Roughing.
16:54 of 2nd period - Eric Staal wins face-off versus Henrik Sedin in Bruins zone.
17:56 of 2nd period - Curtis Glencross is hit by Mark Bell and loses puck.
18:53 of 2nd period - Penalty to Jason Demers is over, Jason Demers is back on ice.
18:57 of 2nd period - Mark Stuart is hit by Jordin Tootoo and loses puck.
19:40 of 2nd period - Icing by Eric Lindros.
19:41 of 2nd period - Colin Wilson wins face-off versus Eric Lindros in Bruins zone.
19:50 of 2nd period - Marcel Goc is hit by Mark Stuart and loses puck.
Goals for this period are 3 for Bruins vs 1 for Flames.
Shots for this period are 11 for Bruins vs 9 for Flames.

3rd period


0:01 of 3rd period - Henrik Sedin wins face-off versus Eric Staal in neutral zone.
0:14 of 3rd period - Snap shot by Jarome Iginla.
0:14 of 3rd period - Stopped by Craig Anderson with a rebound.
0:16 of 3rd period - Slapshot by Andrew Alberts.
0:16 of 3rd period - Shot Blocked by Alexander Semin.
1:12 of 3rd period - Icing by Steve Regier.
1:13 of 3rd period - Henrik Sedin wins face-off versus Marcel Goc in Flames zone.
1:14 of 3rd period - Wrist shot by Wojtek Wolski.
1:14 of 3rd period - Shot Blocked by Jordin Tootoo.
1:28 of 3rd period - Wrist shot by Marcel Goc.
1:28 of 3rd period - Stopped by Roberto Luongo without a rebound.
1:29 of 3rd period - Alexander Semin wins face-off versus Matt Cooke in Bruins zone.
1:38 of 3rd period - Wrist shot by David Backes.
1:38 of 3rd period - Shot Blocked by Jason Demers.
1:40 of 3rd period - Snap shot by David Backes.
1:40 of 3rd period - Stopped by Roberto Luongo with a rebound.
2:08 of 3rd period - Minor Penalty to Eric Lindros for Roughing.
2:09 of 3rd period - Eric Staal wins face-off versus Henrik Sedin in Bruins zone.
3:52 of 3rd period - Filip Kuba is hit by Matt Hendricks and loses puck.
4:08 of 3rd period - Penalty to Eric Lindros is over, Eric Lindros is back on ice.
4:09 of 3rd period - Snap shot by Brad Marchand.
4:09 of 3rd period - Shot Misses the Net.
4:11 of 3rd period - Wrist shot by Steve Regier.
4:11 of 3rd period - Stopped by Roberto Luongo without a rebound.
4:12 of 3rd period - Eric Lindros wins face-off versus Steve Regier in Bruins zone.
5:33 of 3rd period - Slapshot by Matt Cooke.
5:33 of 3rd period - Shot Blocked by Craig Adams.
5:35 of 3rd period - Snap shot by Dainius Zubrus.
5:35 of 3rd period - Stopped by Craig Anderson with a rebound.
5:37 of 3rd period - Wrist shot by Eric Lindros.
5:37 of 3rd period - Shot Misses the Net.
5:41 of 3rd period - Snap shot by Matt Cooke.
5:41 of 3rd period - Shot Misses the Net.
6:09 of 3rd period - Jarome Iginla is hit by Steve Eminger and loses puck.
6:24 of 3rd period - Tim Jackman is hit by Alexander Semin and loses puck.
6:58 of 3rd period - Off-side.
6:59 of 3rd period - Marcel Goc wins face-off versus Dave Bolland in neutral zone.
7:02 of 3rd period - Slapshot by Steve Eminger.
7:02 of 3rd period - Deflect By Marcel Goc.
7:02 of 3rd period - Shot Misses the Net.
7:02 of 3rd period - Puck is out of play.
7:03 of 3rd period - Eric Staal wins face-off versus Jarome Iginla in Bruins zone.
7:06 of 3rd period - Snap shot by David Backes.
7:06 of 3rd period - Deflect By Eric Staal.
7:06 of 3rd period - Stopped by Roberto Luongo without a rebound.
7:07 of 3rd period - Eric Staal wins face-off versus Henrik Sedin in Bruins zone.
7:20 of 3rd period - Wrist shot by Jarome Iginla.
7:20 of 3rd period - Shot Misses the Net.
7:22 of 3rd period - Snap shot by Jarome Iginla.
7:22 of 3rd period - Goal by Jarome Iginla - Bruins : 4 - Flames : 2.
7:23 of 3rd period - Henrik Sedin wins face-off versus Eric Staal in neutral zone.
7:36 of 3rd period - Snap shot by Alexander Semin.
7:36 of 3rd period - Stopped by Roberto Luongo with a rebound.
7:38 of 3rd period - Snap shot by Eric Staal.
7:38 of 3rd period - Shot Blocked by Andrew Alberts.
8:31 of 3rd period - Slapshot by Joe Corvo.
8:31 of 3rd period - Stopped by Roberto Luongo with a rebound.
8:33 of 3rd period - Snap shot by Craig Adams.
8:33 of 3rd period - Shot Blocked by Tim Jackman.
9:07 of 3rd period - Patrik Berglund is hit by Ryan O'Byrne.
9:15 of 3rd period - Snap shot by Dainius Zubrus.
9:15 of 3rd period - Stopped by Craig Anderson without a rebound.
9:16 of 3rd period - Henrik Sedin wins face-off versus Eric Staal in Flames zone.
9:17 of 3rd period - Slapshot by Wojtek Wolski.
9:17 of 3rd period - Stopped by Craig Anderson with a rebound.
9:51 of 3rd period - Minor Penalty to Marcel Goc for Hooking.
9:52 of 3rd period - Eric Staal wins face-off versus Henrik Sedin in Flames zone.
10:18 of 3rd period - Eric Lindros is hit by Eric Staal and loses puck.
10:27 of 3rd period - Slapshot by Matt Cooke.
10:27 of 3rd period - Stopped by Craig Anderson without a rebound.
10:28 of 3rd period - Eric Staal wins face-off versus Henrik Sedin in Flames zone.
11:06 of 3rd period - Off-side.
11:07 of 3rd period - Eric Lindros wins face-off versus Eric Staal in neutral zone.
11:16 of 3rd period - Wrist shot by Eric Lindros.
11:16 of 3rd period - Goal by Eric Lindros - Bruins : 5 - Flames : 2.
11:17 of 3rd period - Eric Staal wins face-off versus Henrik Sedin in neutral zone.
11:26 of 3rd period - Snap shot by Alexander Semin.
11:26 of 3rd period - Stopped by Roberto Luongo with a rebound.
11:32 of 3rd period - Wrist shot by Jarome Iginla.
11:32 of 3rd period - Shot Misses the Net.
11:55 of 3rd period - Wrist shot by Viktor Stalberg.
11:55 of 3rd period - Stopped by Craig Anderson without a rebound.
11:56 of 3rd period - Henrik Sedin wins face-off versus Marcel Goc in Flames zone.
12:22 of 3rd period - Erik Johnson is hit by Matt Cooke.
13:10 of 3rd period - Backhand shot by Eric Staal.
13:10 of 3rd period - Shot Misses the Net.
13:12 of 3rd period - Slapshot by Filip Kuba.
13:12 of 3rd period - Stopped by Roberto Luongo without a rebound.
13:13 of 3rd period - Henrik Sedin wins face-off versus Eric Staal in Bruins zone.
13:33 of 3rd period - Wojtek Wolski is hit by Alexander Semin.
14:27 of 3rd period - Wrist shot by Tim Jackman.
14:27 of 3rd period - Stopped by Craig Anderson without a rebound.
14:28 of 3rd period - Matt Hendricks wins face-off versus Colin Wilson in Flames zone.
14:53 of 3rd period - Slapshot by Derek Meech.
14:53 of 3rd period - Shot Blocked by Ryan O'Byrne.
14:55 of 3rd period - Slapshot by Eric Staal.
14:55 of 3rd period - Stopped by Roberto Luongo with a rebound.
14:57 of 3rd period - Snap shot by Ron Hainsey.
14:57 of 3rd period - Stopped by Roberto Luongo without a rebound.
14:58 of 3rd period - Henrik Sedin wins face-off versus Eric Staal in Bruins zone.
15:16 of 3rd period - Snap shot by Alexander Semin.
15:16 of 3rd period - Stopped by Roberto Luongo with a rebound.
15:18 of 3rd period - Slapshot by Filip Kuba.
15:18 of 3rd period - Deflect By Alexander Semin.
15:18 of 3rd period - Shot Misses the Net.
15:18 of 3rd period - Puck is out of play.
15:19 of 3rd period - Eric Lindros wins face-off versus Marcel Goc in Bruins zone.
15:19 of 3rd period - Minor Penalty to Matt Cooke for Hooking.
15:20 of 3rd period - Henrik Sedin wins face-off versus Eric Staal in Bruins zone.
15:27 of 3rd period - Slapshot by Henrik Sedin.
15:27 of 3rd period - Shot Misses the Net.
15:33 of 3rd period - Snap shot by Henrik Sedin.
15:33 of 3rd period - Stopped by Craig Anderson with a rebound.
17:05 of 3rd period - Mark Stuart is hit by Milan Hejduk and loses puck.
17:19 of 3rd period - Penalty to Matt Cooke is over, Matt Cooke is back on ice.
17:20 of 3rd period - David Backes is hit by Mark Stuart and loses puck.
17:39 of 3rd period - Wrist shot by Jordin Tootoo.
17:39 of 3rd period - Stopped by Roberto Luongo without a rebound.
17:40 of 3rd period - Marcel Goc wins face-off versus Dave Bolland in Bruins zone.
18:25 of 3rd period - Snap shot by Milan Hejduk.
18:25 of 3rd period - Shot Blocked by David Moss.
18:37 of 3rd period - Wrist shot by Steve Regier.
18:37 of 3rd period - Shot Misses the Net.
18:39 of 3rd period - Wrist shot by Ron Hainsey.
18:39 of 3rd period - Shot Blocked by Andrew Alberts.
18:41 of 3rd period - Slapshot by Filip Kuba.
18:41 of 3rd period - Shot Blocked by Andrew Alberts.
18:43 of 3rd period - Snap shot by Filip Kuba.
18:43 of 3rd period - Stopped by Roberto Luongo with a rebound.
18:53 of 3rd period - Slapshot by Alexander Semin.
18:53 of 3rd period - Stopped by Roberto Luongo with a rebound.
18:55 of 3rd period - Wrist shot by Alexander Semin.
18:55 of 3rd period - Shot Misses the Net.
18:57 of 3rd period - Slapshot by Joe Corvo.
18:57 of 3rd period - Shot Blocked by Jason Demers.
18:59 of 3rd period - Slapshot by Joe Corvo.
18:59 of 3rd period - Stopped by Roberto Luongo with a rebound.
19:01 of 3rd period - Snap shot by Eric Staal.
19:01 of 3rd period - Shot Misses the Net.
19:03 of 3rd period - Slapshot by David Backes.
19:03 of 3rd period - Stopped by Roberto Luongo with a rebound.
19:19 of 3rd period - Wrist shot by Wojtek Wolski.
19:19 of 3rd period - Shot Blocked by Brad Marchand.
Goals for this period are 2 for Bruins vs 0 for Flames.
Shots for this period are 10 for Bruins vs 16 for Flames.